 Dungeon Crawl Stone Soup version 0.14-a0-1739-g6c2808e (webtiles) character file.

544 Mitsuki the Poker (level 6, -1/47 HPs)
             Began as a Merfolk Skald on Jan 3, 2014.
             Slain by a giant frog zombie (4 damage)
             ... on Level 5 of the Dungeon.
             The game lasted 00:15:08 (3917 turns).

Mitsuki the Poker (Merfolk Skald)                   Turns: 3917, Time: 00:15:08

HP  -1/47        AC  4     Str 18      XL: 6   Next: 95%
MP  10/10        EV 13     Int 18      God:
Gold 122         SH  0     Dex 13      Spells:  3 memorised,  3 levels left

rFire  . . .     SeeInvis +     l - +4,+5 orc halberd
rCold  . . .     Clarity  .     b - +0 leather armour
rNeg   . . .     Conserve .     (no shield)
rPois  .         rCorr    .     (no helmet)
rElec  .         rRot     .     (no cloak)
SustAb . .       Spirit   .     (no gloves)
rMut   .         Warding  .     r - +0 pair of elf boots
Saprov . . .     Stasis   .     (no amulet)
                                (no ring)
                                h - ring of see invisible

@: mighty, brilliant, mildly poisoned, slightly resistant to hostile
enchantments, unstealthy
A: change form in water, swift swim
a: no special abilities


You were on level 5 of the Dungeon.
You were not hungry.

You visited 1 branch of the dungeon, and saw 5 of its levels.

You collected 122 gold pieces.

Inventory:

Hand weapons
 l - a +4,+5 orcish halberd (weapon)
Armour
 b - a +0 leather armour (worn)
 r - a +0 pair of elven boots (worn)
Magical devices
 o - a wand of paralysis (5)
 s - a wand of disintegration (17) {unknown}
Comestibles
 d - 5 bread rations
 p - a royal jelly
 t - a choko
Scrolls
 a - a scroll of enchant weapon I {unknown}
 e - 2 scrolls of enchant armour {unknown}
 f - 4 scrolls of identify
 g - 3 scrolls of remove curse {unknown}
 i - 2 scrolls of magic mapping
 m - a scroll of noise {unknown}
Jewellery
 h - a ring of see invisible (left hand)
Potions
 k - a potion of might
 q - a potion of agility {unknown}
Books
 c - a book of Battle

   Spells                             Type                      Level
   *Infusion                          Charms                       1
   *Shroud of Golubria                Charms/Translocation         2
   Song of Slaying                    Charms                       2
   Spectral Weapon                    Hexes/Charms                 3
   *Regeneration                      Charms/Necromancy            3


   Skills:
 + Level 3.2 Fighting
 * Level 6.8 Polearms
 - Level 0.6 Armour
 + Level 5.2 Dodging
 - Level 2.0 Spellcasting
 + Level 4.5 Charms
 - Level 0.1 Translocations


You had 3 spell levels left.
You knew the following spells:

 Your Spells              Type           Power        Failure   Level  Hunger
a - Shroud of Golubria    Chrm/Tloc      ###.......   1%          2    ##.....
b - Regeneration          Chrm/Necr      ###.......   3%          3    ####...
c - Infusion              Chrm           ####..       1%          1    #......


Dungeon Overview and Level Annotations

Branches:
Dungeon (5/16)
 Temple: D:4-7

Altars:


Message History

The giant frog zombie hits you but does no damage.
You see here a poisoned arrow.
The centaur shoots an arrow.
The arrow hits you!
* * * LOW HITPOINT WARNING * * *
You see here an arrow.
Drink which item? (? for menu, Esc to quit)
You feel very mighty all of a sudden.
It was a potion of might.
The giant frog zombie barely misses you.
Drink which item? (? for menu, Esc to quit)
You feel clever all of a sudden.
It was a potion of brilliance.
The giant frog zombie hits you but does no damage.
The giant frog zombie hits you.
* * * LOW HITPOINT WARNING * * *
Drink which item? (? for menu, Esc to quit)
You feel refreshed.
It was a potion of restore abilities.
* * * LOW HITPOINT WARNING * * *
You feel sick. The giant frog zombie hits you.
You die...

#.# #...# . .
#########.#######...#####...#...
#...............................
#.###..........###z########.#$..
#.# #..........# #.# #.#... #.#
#..........# #.# #.#... #.#
#..........# #.########.#... #.#
#<.....(...###az............ #.#
#..........@zcKK(........... #.#
#####.####.##c#g.......(#... #.#
#.# #.##.#.........#.## #.# #.#
#.##.#########.#.# #.# #.#
#.##.# #.#.# #.# #.# #.##.#
#.#a# #.# #.# #.##.# ....c #.#
#.# #.##.#### ....z #.#
####.####.......# ###..


You could see 2 centaurs, a worker ant, a giant frog zombie, a goblin, 2 kobolds
and a goblin skeleton.

Vanquished Creatures
  4 jellies
  A crimson imp (D:5)
  2 hounds (D:4)
  An iguana (D:4)
  An orc wizard (D:4)
  2 adders
  A worm (D:2)
  2 giant geckos
  An ooze (D:4)
  14 orcs
  5 goblins
  4 hobgoblins
  11 jackals
  A quokka (D:3)
  2 ball pythons
  10 bats
  3 giant cockroaches (D:1)
  4 giant newts
  6 kobolds
  An orc skeleton (D:4)
  5 rats
81 creatures vanquished.

Notes
Turn   | Place    | Note
--------------------------------------------------------------
     0 | D:1      | Mitsuki, the Merfolk Skald, began the quest for the Orb.
     0 | D:1      | Reached XP level 1. HP: 16/16 MP: 3/3
   426 | D:1      | Reached XP level 2. HP: 21/23 MP: 4/4
   436 | D:1      | Learned a level 2 spell: Shroud of Golubria
  1214 | D:2      | Reached XP level 3. HP: 14/28 MP: 1/6
  1384 | D:2      | Learned a level 3 spell: Regeneration
  1621 | D:2      | Reached skill level 4 in Polearms
  2009 | D:3      | Reached XP level 4. HP: 34/34 MP: 7/7
  2946 | D:4      | Reached XP level 5. HP: 8/39 MP: 3/9
  2948 | D:4      | HP: 1/39 [orc/orcish dagger (1)]
  3282 | D:4      | Reached skill level 5 in Polearms
  3438 | D:4      | Reached XP level 6. HP: 46/46 MP: 10/10
  3457 | D:4      | Reached skill level 6 in Polearms
  3701 | D:5      | Entered Level 5 of the Dungeon
  3727 | D:5      | Reached skill level 5 in Dodging
  3917 | D:5      | Slain by a giant frog zombie

Action                   |  1- 3 |  4- 6 || total
-------------------------+-------+-------++-------
Melee: Spear             |   181 |       ||   181
       Halberd           |       |   118 ||   118
 Cast: Shroud of Golubri |     8 |     9 ||    17
       Regeneration      |     2 |     1 ||     3
Evoke: Wand              |       |     2 ||     2
  Use: Potion            |     2 |     4 ||     6
       Scroll            |     4 |       ||     4
 Stab: Paralysed         |       |     1 ||     1
